[Event "Titled Tuesday Blitz November 01 Early 2022"]
[White "Narayanan, Srinath"]
[Black "Stribuk, Artiom"]
[WhiteFideId "5018420"]
[BlackFideId "13515659"]
[WhiteElo "2459"]
[BlackElo "2279"]
[Result "0-1"]
[Round "09"]
[TimeControl "180+1"]
[Date "2022.11.01"]
[WhiteClock "0:00:03"]
[BlackClock "0:00:11"]

1. d4 Nf6 2. Nf3 g6 3. c4 c5 4. d5 b5 5. cxb5 a6 6. bxa6 Bg7 7. Nc3 O-O 8. e4 Qa5 9. Bd2 Bxa6 10. Bxa6 Qxa6 11. Qe2 d6 12. Qxa6 Nxa6 13. Ke2 Nd7 14. Rab1 Nc7 15. a3 f5 16. Ng5 Bxc3 17. Bxc3 fxe4 18. Rhd1 Rf5 19. Nxe4 Rxd5 20. f3 Nb6 21. Bd2 Nb5 22. Kf2 Nc4 23. Bg5 Rxd1 24. Rxd1 Kf7 25. Rc1 Ne5 26. Rd1 Nd4 27. Be3 Nb3 28. h4 Nc4 29. Ke2 Rb8 30. h5 gxh5 31. Rh1 Nxe3 32. Kxe3 Nd4 33. Rxh5 Rb3+ 34. Kf4 Rxb2 35. Rxh7+ Ke8 36. Rh8+ Kd7 37. g4 Rb3 38. Ng5 e5+ 39. Ke4 c4 40. Rh7+ Kc6 41. Rh6 c3 42. Kd3 c2+ 43. Kd2 Rd3+ 44. Kxd3 c1=Q 45. Nf7 Qc2+ 0-1


[Site "https://www.chess.com"]

[Event "Titled Tuesday Blitz November 01 Early 2022"]
[White "Navara, David"]
[Black "Molina, Roberto Junio Brito"]
[WhiteFideId "309095"]
[BlackFideId "2109450"]
[WhiteElo "2676"]
[BlackElo "2388"]
[Result "1-0"]
[Round "09"]
[TimeControl "180+1"]
[Date "2022.11.01"]
[WhiteClock "0:01:15"]
[BlackClock "0:01:24"]

1. d4 d5 2. c4 c6 3. Nf3 Nf6 4. e3 Bf5 5. Nc3 e6 6. Nh4 Bg6 7. Be2 Nbd7 8. O-O Bd6 9. g3 Ne4 10. cxd5 exd5 11. Nxe4 Bxe4 12. f3 Bg6 13. e4 dxe4 14. Nxg6 hxg6 15. fxe4 O-O 16. Bc4 Nb6 17. Bb3 c5 18. dxc5 Bxc5+ 19. Kg2 Qxd1 20. Rxd1 Rfd8 21. Bg5 Rxd1 22. Rxd1 Kf8 23. Rf1 f6 24. e5 Nd7 25. exf6 Nxf6 26. Bxf6 gxf6 27. Rxf6+ Kg7 28. Rf7+ Kh6 29. Rxb7 Rd8 30. h4 Rd2+ 31. Kh3 Rxb2 32. g4 g5 33. hxg5+ Kxg5 34. Rb5 1-0


[Site "https://www.chess.com"]

[Event "Titled Tuesday Blitz November 01 Early 2022"]
[White "Nozdrachev, Leonid"]
[Black "Kanyamarala, Tarun"]
[WhiteFideId "24113433"]
[BlackFideId "45004714"]
[WhiteElo "2249"]
[BlackElo "2307"]
[Result "1-0"]
[Round "09"]
[TimeControl "180+1"]
[Date "2022.11.02"]
[WhiteClock "0:01:33"]
[BlackClock "0:01:35"]

1. e4 c5 2. Nf3 e6 3. d4 cxd4 4. Nxd4 a6 5. c4 Nf6 6. Nc3 Qc7 7. Bd3 Nc6 8. Nc2 Ne5 9. O-O Nxc4 10. Bxc4 Qxc4 11. e5 Ng8 12. Bg5 f6 13. Ne3 Qc6 14. exf6 Nxf6 15. Bxf6 gxf6 16. Qh5+ Kd8 17. Rac1 Qb6 18. Qf7 Be7 19. Qxe7+ Kxe7 20. Ncd5+ exd5 21. Nxd5+ Kf7 22. Nxb6 Rb8 23. Rfd1 Ke7 24. Rc7 Kd8 25. Rdc1 Ke7 26. Rxc8 Rhxc8 27. Rxc8 Rxc8 28. Nxc8+ Ke6 29. Kf1 d5 30. Ke2 Kd7 31. Nb6+ Kc6 32. Nxd5 Kxd5 33. Ke3 b5 34. g4 a5 35. f4 h6 36. h4 a4 37. g5 fxg5 38. fxg5 h5 39. a3 Ke5 40. Kd3 Kf5 41. Kd4 Kg4 42. g6 Kxh4 43. g7 Kh3 44. g8=Q h4 45. Ke3 b4 46. Kf2 1-0


[Site "https://www.chess.com"]

[Event "Titled Tuesday Blitz November 01 Early 2022"]
[White "Nurmanova, Alua"]
[Black "Weetik, Vjacheslav"]
[WhiteFideId "13729390"]
[BlackFideId "4153472"]
[WhiteElo "2088"]
[BlackElo "2469"]
[Result "1-0"]
[Round "09"]
[TimeControl "180+1"]
[Date "2022.11.02"]
[WhiteClock "0:00:11"]
[BlackClock "0:00:01"]

1. e4 c6 2. d4 d5 3. e5 Bf5 4. h4 Qb6 5. c4 e6 6. c5 Qc7 7. Nc3 h6 8. b4 Nd7 9. g4 Bh7 10. Bd3 Bxd3 11. Qxd3 h5 12. f3 Ne7 13. Nge2 b6 14. Be3 Ng6 15. Kf2 Be7 16. g5 Rb8 17. Rab1 Bd8 18. f4 Ne7 19. Ng3 g6 20. Rhc1 Kf8 21. cxb6 Nxb6 22. Nb5 Qd7 23. Nd6 Bc7 24. b5 Bxd6 25. bxc6 Nxc6 26. exd6 Kg7 27. Rc5 Nc4 28. Rxb8 Rxb8 29. f5 Rb2+ 30. Kg1 exf5 31. Rxd5 f4 32. Bxf4 Qh3 33. Nxh5+ gxh5 34. Qxh3 Nb4 35. Be5+ Kg6 36. Rc5 Nd2 37. Rc1 Ne4 38. Qe3 Nd2 39. Qf4 Nd5 40. Qg3 Ne4 41. Qd3 1-0


[Site "https://www.chess.com"]

[Event "Titled Tuesday Blitz November 01 Early 2022"]
[White "Orozbaev, Eldiar"]
[Black "Svane, Rasmus"]
[WhiteFideId "13802240"]
[BlackFideId "4657101"]
[WhiteElo "2244"]
[BlackElo "2674"]
[Result "0-1"]
[Round "09"]
[TimeControl "180+1"]
[Date "2022.11.01"]
[WhiteClock "0:00:27"]
[BlackClock "0:02:18"]

1. e4 c6 2. Nc3 d5 3. Nf3 dxe4 4. Nxe4 Nf6 5. Nxf6+ exf6 6. Bc4 Bd6 7. O-O O-O 8. d4 Nd7 9. c3 Re8 10. Be3 Nf8 11. h3 Ng6 12. Qb3 Re7 13. Rfe1 Bf5 14. Bd2 Rxe1+ 15. Rxe1 Qd7 16. g4 Bxg4 17. hxg4 Qxg4+ 18. Kf1 Qxf3 19. Qxb7 Rf8 20. Qd7 Bg3 21. Be3 Nf4 0-1


[Site "https://www.chess.com"]

[Event "Titled Tuesday Blitz November 01 Early 2022"]
[White "Ovchinnikov, Vsevolod"]
[Black "Predke, Alexandr"]
[WhiteFideId "24176842"]
[BlackFideId "24107581"]
[WhiteElo "2376"]
[BlackElo "2614"]
[Result "0-1"]
[Round "09"]
[TimeControl "180+1"]
[Date "2022.11.01"]
[WhiteClock "0:00:03"]
[BlackClock "0:00:05"]

1. d4 Nf6 2. c4 e6 3. g3 d5 4. Bg2 Be7 5. Nf3 O-O 6. Nc3 c6 7. Qb3 a5 8. a3 a4 9. Qa2 b6 10. O-O Ba6 11. cxd5 cxd5 12. Bg5 Nbd7 13. Rfc1 Bc4 14. Qb1 h6 15. Bxf6 Nxf6 16. Ne5 b5 17. Nc6 Qd7 18. Nxe7+ Qxe7 19. e3 Rfb8 20. Bf1 Ne8 21. Na2 Nd6 22. Nb4 Rc8 23. Bg2 f5 24. Qc2 g5 25. Qd1 Qf6 26. Qe1 Kg7 27. Rc2 Ra7 28. Rac1 f4 29. exf4 gxf4 30. Qe5 Qxe5 31. dxe5 Nf5 32. Rd2 Rf7 33. Bh3 h5 34. Rc3 Kh6 35. Rf3 fxg3 36. hxg3 Rcf8 37. Bxf5 Rxf5 38. Rxf5 Rxf5 39. Nc6 h4 40. Kg2 hxg3 41. Kxg3 Rg5+ 42. Kf4 Rg1 43. Nd4 Re1 44. Nxe6 Kg6 45. f3 Rh1 46. Rg2+ Kf7 47. Nd4 Rh4+ 48. Rg4 Rh5 49. Nf5 Rh2 50. Rg7+ Kf8 51. e6 d4 52. Rf7+ Kg8 53. Ne7+ Kh8 54. Ng6+ Kg8 55. Rf8+ Kg7 56. e7 Bf7 57. Ne5 Bh5 58. e8=Q Bxe8 59. Rxe8 Rxb2 60. Re7+ Kf6 61. Rf7+ Ke6 62. Rb7 Rb3 63. Rb6+ Kd5 64. Nc6 Kc5 65. Ra6 Rxa3 66. Ke4 Re3+ 67. Kf4 Re6 68. Nb8 Rxa6 69. Nxa6+ Kc4 70. Ke4 a3 71. f4 a2 72. f5 a1=Q 0-1


[Site "https://www.chess.com"]

[Event "Titled Tuesday Blitz November 01 Early 2022"]
[White "Ozdemir, Serhan Berat"]
[Black "Rohith Krishna S"]
[WhiteFideId "6374611"]
[BlackFideId "46617051"]
[WhiteElo "2016"]
[BlackElo "2270"]
[Result "0-1"]
[Round "09"]
[TimeControl "180+1"]
[Date "2022.11.02"]
[WhiteClock "0:00:02"]
[BlackClock "0:01:34"]

1. e4 c5 2. Nf3 Nc6 3. Bb5 g6 4. Bxc6 bxc6 5. d4 cxd4 6. Qxd4 Nf6 7. e5 Nh5 8. O-O Ng7 9. Nc3 Ne6 10. Qh4 Bg7 11. Bh6 O-O 12. Ne4 d5 13. exd6 exd6 14. Neg5 f6 15. Nxe6 Bxe6 16. Bxg7 Kxg7 17. Rfe1 Bf7 18. Rad1 d5 19. c4 Rb8 20. b3 Qd6 21. cxd5 Bxd5 22. Nd4 Rbe8 23. Qg4 Kg8 24. h4 Qb4 25. Qg3 Rxe1+ 0-1


[Site "https://www.chess.com"]

[Event "Titled Tuesday Blitz November 01 Early 2022"]
[White "Ozen, Bahadir"]
[Black "Martinez Alcantara, Jose Eduardo"]
[WhiteFideId "6337058"]
[BlackFideId "3805662"]
[WhiteElo "2503"]
[BlackElo "2703"]
[Result "0-1"]
[Round "09"]
[TimeControl "180+1"]
[Date "2022.11.01"]
[WhiteClock "0:00:03"]
[BlackClock "0:00:44"]

1. g3 d5 2. Bg2 Nf6 3. d3 c6 4. Nf3 Bf5 5. O-O h6 6. c4 dxc4 7. Ne5 Nbd7 8. Nxc4 e5 9. b4 Be6 10. a3 Be7 11. Bb2 e4 12. Na5 Qc7 13. dxe4 O-O 14. Qc2 Rac8 15. Nd2 c5 16. Rac1 b5 17. e5 Nxe5 18. Bxe5 Qxe5 19. Nc6 Rxc6 20. Bxc6 cxb4 21. Nf3 Qh5 22. axb4 Bxb4 23. Qb2 a5 24. Qe5 Qxe5 25. Nxe5 Rb8 26. Rb1 Bd6 27. f4 b4 28. Ra1 Bc7 29. Rfb1 g5 30. Kg2 Kg7 31. e4 b3 32. Ra3 Rb6 33. Rxa5 Rb4 34. Ra4 Rb6 35. Ra7 Bxe5 36. fxe5 Rxc6 37. exf6+ Kxf6 38. Rb7 Rc2+ 39. Kg1 Rc3 40. Rb5 Re3 41. e5+ Kf5 42. Kf2 Rc3 43. Rb2 h5 44. Rb4 Rc2+ 0-1


[Site "https://www.chess.com"]

[Event "Titled Tuesday Blitz November 01 Early 2022"]
[White "Pap, Gyula"]
[Black "Kustar, Sandor"]
[WhiteFideId "725323"]
[BlackFideId "702900"]
[WhiteElo "2519"]
[BlackElo "2377"]
[Result "1-0"]
[Round "09"]
[TimeControl "180+1"]
[Date "2022.11.02"]
[WhiteClock "0:00:17"]
[BlackClock "0:00:02"]

1. d4 Nf6 2. c4 e6 3. Nc3 c5 4. d5 exd5 5. cxd5 d6 6. Nf3 g6 7. Bf4 Bg7 8. Qa4+ Kf8 9. e4 Ne8 10. Qc2 Bg4 11. Be2 Bxf3 12. Bxf3 Nd7 13. O-O a6 14. a4 h6 15. Be2 Kg8 16. Kh1 Rc8 17. Bg3 h5 18. h3 Qe7 19. f4 Kh7 20. Rae1 Rf8 21. e5 dxe5 22. f5 e4 23. Nxe4 Ne5 24. Bxh5 Kg8 25. d6 Qd8 26. fxg6 Nxg6 27. Qb3 c4 28. Qxb7 Nf6 29. Bxg6 fxg6 30. Ng5 Qd7 31. Re7 Qxb7 32. Rxb7 Nh5 33. Rxf8+ Rxf8 34. Rxg7+ Nxg7 35. Be1 Rf1+ 36. Kh2 Rxe1 37. Kg3 Rd1 38. Ne4 Nf5+ 39. Kf4 Nxd6 40. Nc3 Rd3 41. Ke5 Rxc3 42. bxc3 Nb7 43. Kd5 Na5 44. Kc5 Kf7 45. Kb6 Nb3 46. Kxa6 Ke6 47. Kb5 Kd6 48. Kxc4 Na5+ 49. Kb5 Nc6 50. a5 Kc7 51. a6 Na7+ 52. Kc5 Kd7 53. Kb6 Nc8+ 54. Kb7 Nd6+ 55. Kb8 Nb5 56. c4 1-0


[Site "https://www.chess.com"]

[Event "Titled Tuesday Blitz November 01 Early 2022"]
[White "Paravyan, David"]
[Black "Gokerkan, Cem Kaan"]
[WhiteFideId "4194985"]
[BlackFideId "6336760"]
[WhiteElo "2555"]
[BlackElo "2365"]
[Result "0-1"]
[Round "09"]
[TimeControl "180+1"]
[Date "2022.11.01"]
[WhiteClock "0:00:01"]
[BlackClock "0:00:24"]

1. e4 c5 2. Nf3 d6 3. d4 cxd4 4. Nxd4 Nf6 5. Nc3 a6 6. Bg5 e6 7. f4 Be7 8. Qf3 Qc7 9. O-O-O Nbd7 10. g4 b5 11. Bxf6 Nxf6 12. g5 Nd7 13. f5 O-O 14. Rg1 b4 15. Nce2 e5 16. f6 exd4 17. fxe7 Re8 18. Nxd4 Ne5 19. Qb3 a5 20. Nb5 Qc5 21. Nxd6 Qxg1 22. Nxe8 Qxg5+ 23. Kb1 Qxe7 24. Nd6 Be6 25. Qg3 Rd8 26. Bc4 Nxc4 27. Rg1 g6 28. Nxc4 Bxc4 29. b3 Be6 30. Qe5 Qd6 31. Qxa5 Rc8 32. h4 Qc5 33. Qxc5 Rxc5 34. Rd1 f5 35. exf5 Bxf5 36. Rd2 Kg7 37. Kc1 Kh6 38. Kd1 Kh5 39. Ke1 Rxc2 40. Rd4 Rxa2 41. Rxb4 Rb2 42. Rb7 h6 43. Rb4 Bg4 44. Kf1 Kxh4 45. Rb6 Bf5 46. Ke1 h5 47. b4 Kg3 0-1


[Site "https://www.chess.com"]

[Event "Titled Tuesday Blitz November 01 Early 2022"]
[White "Parligras, Mircea-Emilian"]
[Black "Ilkhomi, Jaloliddin"]
[WhiteFideId "1204297"]
[BlackFideId "14700948"]
[WhiteElo "2507"]
[BlackElo "2045"]
[Result "1-0"]
[Round "09"]
[TimeControl "180+1"]
[Date "2022.11.02"]
[WhiteClock "0:00:47"]
[BlackClock "0:00:35"]

1. d4 Nf6 2. c4 e6 3. Nc3 Bb4 4. Bd2 O-O 5. e3 b6 6. Nf3 Bb7 7. Be2 Qe7 8. O-O Bxc3 9. Bxc3 Ne4 10. Be1 d6 11. Nd2 Nd7 12. Nxe4 Bxe4 13. f3 Bb7 14. e4 f5 15. exf5 exf5 16. Bd3 Rae8 17. Qd2 Qe3+ 18. Qxe3 Rxe3 19. Rd1 Ba6 20. b3 d5 21. Bf2 Ree8 22. Rfe1 g6 23. Bg3 f4 24. Rxe8 Rxe8 25. Bxf4 c6 26. cxd5 Bxd3 27. dxc6 Bb5 28. cxd7 Bxd7 29. Kf2 Kf7 30. d5 Bb5 31. Rd2 a5 32. a4 Bd7 33. Bc7 b5 34. axb5 Bxb5 35. d6 a4 36. bxa4 Bd7 37. a5 Ra8 38. Re2 Kf6 39. Re7 Bc6 40. Rxh7 g5 41. d7 Bxd7 42. Rxd7 g4 43. fxg4 Kg5 44. h3 Kh4 45. Bd8+ Rxd8 46. Rxd8 Kg5 47. a6 Kh4 48. a7 Kg5 49. Rd5+ Kf4 50. a8=Q Ke4 51. Qc6 Kf4 52. Qc4# 1-0


[Site "https://www.chess.com"]

[Event "Titled Tuesday Blitz November 01 Early 2022"]
[White "Parpiev, Isaak"]
[Black "Pakleza, Zbigniew"]
[WhiteFideId "34281576"]
[BlackFideId "1119290"]
[WhiteElo "2100"]
[BlackElo "2411"]
[Result "1-0"]
[Round "09"]
[TimeControl "180+1"]
[Date "2022.11.02"]
[WhiteClock "0:00:07"]
[BlackClock "0:00:02"]

1. e4 d6 2. d4 Nf6 3. Nc3 c6 4. a4 a5 5. h3 Nbd7 6. g4 e5 7. Be3 g6 8. Bg2 Bg7 9. Nge2 O-O 10. O-O Re8 11. Qd2 exd4 12. Nxd4 Nc5 13. f3 h5 14. g5 Nfd7 15. f4 Qb6 16. Rab1 Qb4 17. Qf2 Nxa4 18. Na2 Qb6 19. Ne6 Qxe3 20. Qxe3 Rxe6 21. b3 Nac5 22. Nc3 Re8 23. Rbd1 d5 24. e5 Ne6 25. Qg3 Nef8 26. Rfe1 Nc5 27. Ne2 a4 28. bxa4 Rxa4 29. Ra1 Rc4 30. c3 Ne4 31. Bxe4 Rxe4 32. Nd4 Rxe1+ 33. Rxe1 c5 34. Nb5 Be6 35. Nc7 Rd8 36. Nxe6 Nxe6 37. Qf3 b5 38. f5 Nxg5 39. Qg2 Ne4 40. fxg6 fxg6 41. Qxg6 Nxc3 42. e6 1-0


[Site "https://www.chess.com"]

[Event "Titled Tuesday Blitz November 01 Early 2022"]
[White "Petrovic, Aleksa"]
[Black "Wessendorf, Thomas, Dr."]
[WhiteFideId "967629"]
[BlackFideId "4604270"]
[WhiteElo "2242"]
[BlackElo "2280"]
[Result "0-1"]
[Round "09"]
[TimeControl "180+1"]
[Date "2022.11.02"]
[WhiteClock "0:00:29"]
[BlackClock "0:01:37"]

1. e4 c5 2. Nc3 Nc6 3. g3 g6 4. Bg2 Bg7 5. d3 d6 6. f4 e6 7. Nh3 Nge7 8. O-O O-O 9. f5 exf5 10. Bg5 h6 11. Bf4 Nd4 12. exf5 Nexf5 13. Nd5 Rb8 14. Qc1 Re8 15. Nc3 b5 16. g4 b4 17. gxf5 bxc3 18. Qd1 Ne2+ 19. Kh1 cxb2 20. fxg6 fxg6 21. Rb1 Nc3 22. Qd2 Re2 23. Qxe2 Nxe2 24. Rbe1 Bxh3 25. Bxh3 Nxf4 0-1


[Site "https://www.chess.com"]

[Event "Titled Tuesday Blitz November 01 Early 2022"]
[White "Piesik, Piotr"]
[Black "Winkels, Marcel"]
[WhiteFideId "1136194"]
[BlackFideId "1003887"]
[WhiteElo "2323"]
[BlackElo "1900"]
[Result "1-0"]
[Round "09"]
[TimeControl "180+1"]
[Date "2022.11.02"]
[WhiteClock "0:00:36"]
[BlackClock "0:00:22"]

1. Nf3 Nf6 2. g3 g6 3. Bg2 Bg7 4. O-O O-O 5. d4 d5 6. c4 c6 7. Nc3 dxc4 8. a4 Be6 9. Ng5 Bd5 10. e4 Be6 11. Nxe6 fxe6 12. Be3 Nbd7 13. Qe2 a5 14. Qxc4 Qb6 15. Qxe6+ Kh8 16. Rab1 Rad8 17. h3 Rfe8 18. Rfd1 Qb4 19. e5 Nf8 20. Qf7 Ng8 21. Ne4 Qxa4 22. Nc5 Qb4 23. Rd3 Qb6 24. Rb3 Qc7 25. Rxb7 Qc8 26. Qb3 e6 27. Qb6 Ne7 28. Rc7 Qb8 29. Qxa5 Nd5 30. Rb7 Qa8 31. Ra1 Qxa5 32. Rxa5 Nxe3 33. fxe3 Bh6 34. Kf2 g5 35. Be4 Ng6 36. Raa7 1-0


[Site "https://www.chess.com"]

[Event "Titled Tuesday Blitz November 01 Early 2022"]
[White "Postnikov, Daniil"]
[Black "Goryachkina, Aleksandra"]
[WhiteFideId "4166329"]
[BlackFideId "4147103"]
[WhiteElo "2261"]
[BlackElo "2484"]
[Result "1-0"]
[Round "09"]
[TimeControl "180+1"]
[Date "2022.11.02"]
[WhiteClock "0:00:12"]
[BlackClock "0:00:04"]

1. d4 Nf6 2. c4 e6 3. Nf3 d5 4. g3 Bb4+ 5. Bd2 Be7 6. Bg2 O-O 7. O-O Nbd7 8. Qc2 c6 9. Bf4 b6 10. Rd1 Ba6 11. Nbd2 Nh5 12. Be3 Nhf6 13. Bf4 Rc8 14. e4 Nxe4 15. Nxe4 dxe4 16. Ne5 Nf6 17. Rac1 Bb7 18. c5 h6 19. Bxe4 Nxe4 20. Qxe4 Re8 21. b4 Qd5 22. Qe2 f6 23. Ng4 Rcd8 24. a3 Qd7 25. h4 Bc8 26. Ne3 Bf8 27. g4 Qf7 28. Kh2 bxc5 29. dxc5 e5 30. Bg3 Be6 31. Qa6 Bd5 32. Nxd5 cxd5 33. b5 d4 34. c6 h5 35. c7 Rc8 36. Qxa7 hxg4 37. b6 f5 38. Kg1 f4 39. Bh2 Re6 40. b7 g3 41. bxc8=Q gxh2+ 42. Kxh2 Rh6 43. Qg4 Qf6 44. Kh3 Be7 45. c8=Q+ Kh7 46. Qcf5+ 1-0


[Site "https://www.chess.com"]

[Event "Titled Tuesday Blitz November 01 Early 2022"]
[White "Quirke, Jeffrey"]
[Black "Vasques, Antonio Pedro Freixial"]
[WhiteFideId "2013029"]
[BlackFideId "1908332"]
[WhiteElo "2194"]
[BlackElo "2243"]
[Result "0-1"]
[Round "09"]
[TimeControl "180+1"]
[Date "2022.11.02"]
[WhiteClock "0:00:13"]
[BlackClock "0:00:47"]

1. e4 c5 2. Nc3 Nc6 3. f4 g6 4. Nf3 Bg7 5. a4 d6 6. Bb5 Bg4 7. O-O Nf6 8. h3 Bxf3 9. Qxf3 O-O 10. Bxc6 bxc6 11. d3 d5 12. f5 c4 13. Kh1 cxd3 14. cxd3 d4 15. Ne2 c5 16. Nf4 Nd7 17. Nd5 Ne5 18. Qe2 e6 19. f6 exd5 20. fxg7 Kxg7 21. exd5 Qxd5 22. Bf4 Rae8 23. Qd2 f5 24. Bh6+ Kg8 25. Bxf8 Rxf8 26. Rfe1 f4 27. Re4 f3 28. Rae1 fxg2+ 29. Kxg2 Nf3 30. Qe2 Qg5+ 31. Kh1 Nxe1 32. Qxe1 Rf7 33. Re8+ Kg7 34. Qe5+ Qxe5 35. Rxe5 Rc7 36. b3 Kf6 37. Rd5 Ke6 38. Rd8 Rb7 39. Rc8 Rxb3 40. Rxc5 Rxd3 41. Ra5 Rxh3+ 42. Kg2 Ra3 43. Rxa7 h5 44. Rg7 Kf5 45. Rd7 Rxa4 46. Kf3 Ra3+ 0-1


[Site "https://www.chess.com"]

[Event "Titled Tuesday Blitz November 01 Early 2022"]
[White "Rakhmanov, Aleksandr"]
[Black "Rustemov, Alexander"]
[WhiteFideId "4173708"]
[BlackFideId "4119002"]
[WhiteElo "2530"]
[BlackElo "2937"]
[Result "1-0"]
[Round "09"]
[TimeControl "180+1"]
[Date "2022.11.01"]
[WhiteClock "0:00:05"]
[BlackClock "0:00:52"]

1. d4 d5 2. c4 c6 3. cxd5 cxd5 4. Nf3 Nf6 5. Nc3 Nc6 6. Bf4 a6 7. Ne5 e6 8. e3 Bd7 9. Bd3 Be7 10. O-O O-O 11. Qf3 Rc8 12. Qh3 g6 13. Bh6 Re8 14. f4 Na5 15. Bg5 Nc4 16. Bxc4 dxc4 17. Rad1 b5 18. Bxf6 Bxf6 19. Ne4 Bg7 20. Ng5 Re7 21. Qxh7+ Kf8 22. d5 exd5 23. Rxd5 Qe8 24. Ngxf7 Bf5 25. Nd6 Qd8 26. Nxf5 Qxd5 27. Nxe7 Kxe7 28. Qxg7+ Kd8 29. Qxg6 Kc7 30. Qg7+ Kb6 31. Qd7 Qg8 32. Qd4+ Kb7 33. Rd1 Rc7 34. Qd5+ Kb6 35. Qxg8 1-0


[Site "https://www.chess.com"]

[Event "Titled Tuesday Blitz November 01 Early 2022"]
[White "Reprintsev, Alexander"]
[Black "Rose, Felix"]
[WhiteFideId "14100541"]
[BlackFideId "5105722"]
[WhiteElo "2230"]
[BlackElo "2039"]
[Result "0-1"]
[Round "09"]
[TimeControl "180+1"]
[Date "2022.11.02"]
[WhiteClock "0:00:25"]
[BlackClock "0:00:08"]

1. e4 c5 2. b3 g6 3. Bb2 Nf6 4. e5 Nd5 5. Nc3 Nxc3 6. dxc3 Bg7 7. Qd5 Qc7 8. Nf3 O-O 9. O-O-O Qa5 10. b4 Qc7 11. Qxc5 Qxc5 12. bxc5 Na6 13. Bxa6 bxa6 14. Rhe1 Rb8 15. Nd4 Bb7 16. f3 Rfc8 17. Ba3 Bd5 18. Nb3 e6 19. Rd4 d6 20. exd6 Bxb3 21. axb3 Bxd4 22. cxd4 Rc6 23. d5 exd5 24. d7 Kf8 25. Re5 d4 26. Kd2 Rd8 27. Rd5 Ke7 28. Kd3 Rxd7 29. Kxd4 Rxd5+ 30. Kxd5 Kd7 31. Bb2 Re6 32. Be5 f6 33. Bd6 Re2 34. c6+ Kc8 35. c4 Rxg2 36. b4 Rb2 37. Ke6 Rc2 38. Kd5 f5 39. Kc5 g5 40. Be7 h6 41. Bd6 f4 42. h4 Rc3 43. hxg5 hxg5 44. Be7 Rxf3 45. Bxg5 Rf1 46. Kd4 f3 47. Ke3 f2 48. Ke2 Rg1 0-1


[Site "https://www.chess.com"]

[Event "Titled Tuesday Blitz November 01 Early 2022"]
[White "Ronka, Erik"]
[Black "Izuzquiza Gonzalez, Javier"]
[WhiteFideId "505080"]
[BlackFideId "3101029"]
[WhiteElo "2264"]
[BlackElo "2034"]
[Result "0-1"]
[Round "09"]
[TimeControl "180+1"]
[Date "2022.11.02"]
[WhiteClock "0:00:24"]
[BlackClock "0:00:45"]

1. e4 c5 2. a3 d5 3. exd5 Qxd5 4. Nc3 Qd6 5. b4 g6 6. Bb2 Nf6 7. Nf3 Bg7 8. Bc4 O-O 9. O-O Qc7 10. Qe2 Bg4 11. Nb5 Qf4 12. Be5 Bxf3 13. gxf3 Qg5+ 14. Kh1 Nc6 15. f4 Qh4 16. bxc5 Ng4 17. f3 Ngxe5 18. fxe5 Nxe5 19. d4 Nxc4 20. Qxc4 a6 21. Nc7 Rac8 22. Nd5 e6 23. Nb6 Rcd8 24. c3 e5 25. Rad1 exd4 26. Nd5 Qg5 27. Nb4 dxc3 28. Rde1 Rd2 29. Rg1 Qh5 30. Re2 Qxf3+ 31. Rgg2 Qf1+ 32. Rg1 Qxe2 0-1


[Site "https://www.chess.com"]

[Event "Titled Tuesday Blitz November 01 Early 2022"]
[White "Rosh Jain"]
[Black "Safin, Robert"]
[WhiteFideId "25789465"]
[BlackFideId "34189120"]
[WhiteElo "2233"]
[BlackElo "2219"]
[Result "1-0"]
[Round "09"]
[TimeControl "180+1"]
[Date "2022.11.02"]
[WhiteClock "0:00:19"]
[BlackClock "0:00:01"]

1. e4 g6 2. d4 Bg7 3. Nf3 c6 4. Nc3 d5 5. e5 Bg4 6. h3 Bxf3 7. Qxf3 e6 8. Bd3 a6 9. Be3 Nd7 10. O-O c5 11. Qg3 Ne7 12. f4 Qc7 13. Kh1 b5 14. Bf2 b4 15. Na4 c4 16. Be2 Nf5 17. Qf3 h5 18. b3 c3 19. Bd3 a5 20. Bxf5 gxf5 21. Bh4 Bf8 22. Be1 h4 23. a3 Be7 24. axb4 axb4 25. Bf2 Kf8 26. Nc5 Kg7 27. Nd3 Qb7 28. Be3 Nf8 29. Rxa8 Qxa8 30. Qd1 Ng6 31. Qa1 Qa3 32. Qxa3 bxa3 33. Ra1 Ra8 34. Ra2 Nf8 35. Bc1 Nd7 36. b4 Nb6 37. Rxa3 1-0


[Site "https://www.chess.com"]

[Event "Titled Tuesday Blitz November 01 Early 2022"]
[White "Salem, A.R. Saleh"]
[Black "Gorodetzky, David"]
[WhiteFideId "9301348"]
[BlackFideId "2813416"]
[WhiteElo "2628"]
[BlackElo "2487"]
[Result "1-0"]
[Round "09"]
[TimeControl "180+1"]
[Date "2022.11.01"]
[WhiteClock "0:02:05"]
[BlackClock "0:00:02"]

1. d4 d5 2. c4 dxc4 3. Nf3 Nf6 4. Nc3 a6 5. e4 b5 6. e5 Nd5 7. a4 Bb7 8. e6 f6 9. Be2 Nxc3 10. bxc3 Qd5 11. O-O Qxe6 12. Re1 Nd7 13. Ng5 Qb6 14. Ne6 Bd5 15. Bf3 Bxe6 16. Bxa8 Kf7 17. Qf3 f5 18. Bg5 h6 19. Rxe6 Kxe6 20. Qd5# 1-0


[Site "https://www.chess.com"]

[Event "Titled Tuesday Blitz November 01 Early 2022"]
[White "Sanchez, Robert"]
[Black "Zaichenko, Daria"]
[WhiteFideId "2034360"]
[BlackFideId "4197453"]
[WhiteElo "2399"]
[BlackElo "2039"]
[Result "1-0"]
[Round "09"]
[TimeControl "180+1"]
[Date "2022.11.02"]
[WhiteClock "0:00:15"]
[BlackClock "0:00:08"]

1. e4 c5 2. Nf3 Nc6 3. d4 cxd4 4. Nxd4 Nf6 5. Nc3 d6 6. f3 g6 7. Be3 Bg7 8. Qd2 a6 9. O-O-O Bd7 10. h4 h5 11. Kb1 Qa5 12. Nb3 Qc7 13. Bg5 Be6 14. Nd5 Bxd5 15. exd5 Ne5 16. f4 Ne4 17. Qe1 Nxg5 18. fxe5 Rc8 19. c3 Nh7 20. e6 f6 21. Bd3 Nf8 22. Qe2 Qb6 23. g4 hxg4 24. Qxg4 Rh6 25. h5 g5 26. Qa4+ Kd8 27. Nd4 Rxc3 28. Nf5 Rh7 29. h6 Bh8 30. Ng7 Rxg7 31. hxg7 Bxg7 32. Rh7 Rxd3 33. Rxd3 Qg1+ 34. Rd1 Qf2 35. Rxg7 Qc5 36. Rc1 Qe3 37. Qe8+ Kxe8 38. Rc8# 1-0


[Site "https://www.chess.com"]

[Event "Titled Tuesday Blitz November 01 Early 2022"]
[White "Schut, Han"]
[Black "Bashirli, Saadat"]
[WhiteFideId "1005561"]
[BlackFideId "13429990"]
[WhiteElo "2024"]
[BlackElo "1408"]
[Result "0-1"]
[Round "09"]
[TimeControl "180+1"]
[Date "2022.11.02"]
[WhiteClock "0:00:02"]
[BlackClock "0:00:07"]

1. e4 c5 2. Nf3 g6 3. c4 Bg7 4. d4 cxd4 5. Nxd4 Nf6 6. Nc3 d6 7. Be2 O-O 8. Be3 Nc6 9. f3 a5 10. b3 Bd7 11. Rc1 Nb4 12. O-O Rc8 13. Qd2 Bc6 14. Rb1 Na6 15. a3 Ra8 16. b4 axb4 17. axb4 Nc7 18. Ra1 Rxa1 19. Rxa1 Bd7 20. Ra7 Qb8 21. Qa2 Na6 22. Rxa6 bxa6 23. b5 axb5 24. cxb5 Rc8 25. Qb3 Qc7 26. Nd5 Nxd5 27. exd5 Qc3 28. Qxc3 Rxc3 29. b6 Bc8 30. Kf2 Bb7 31. Nc6 Kf8 32. Nd8 Bxd5 33. b7 Rb3 34. Ba6 Rb2+ 35. Kg3 Be5+ 36. Kh3 Ke8 37. Ba7 Kxd8 38. b8=Q+ Rxb8 39. Bxb8 Be6+ 40. g4 h5 41. Be2 Kc8 42. Ba7 d5 43. Bc5 Kd7 0-1


[Site "https://www.chess.com"]

[Event "Titled Tuesday Blitz November 01 Early 2022"]
[White "Selkirk, Rebecca"]
[Black "Alexikov, Alexander"]
[WhiteFideId "14306514"]
[BlackFideId "14103958"]
[WhiteElo "1649"]
[BlackElo "2222"]
[Result "0-1"]
[Round "09"]
[TimeControl "180+1"]
[Date "2022.11.02"]
[WhiteClock "0:00:05"]
[BlackClock "0:01:03"]

1. e4 c5 2. Nf3 d6 3. d4 cxd4 4. Nxd4 Nf6 5. Nc3 a6 6. Bg5 e6 7. f4 Qb6 8. Qf3 Qxb2 9. Rb1 Qa3 10. Bc4 Qc5 11. Qd3 b5 12. Bb3 Be7 13. Rd1 Nc6 14. Nxc6 Qxc6 15. e5 dxe5 16. Bxf6 gxf6 17. fxe5 Qxg2 18. Rf1 fxe5 19. Ne4 Bh4+ 20. Ng3 Qxh2 21. Qf3 Bxg3+ 22. Rf2 Qxf2+ 23. Qxf2 Bxf2+ 24. Kxf2 0-1


[Site "https://www.chess.com"]